 Dungeon Crawl Stone Soup version 0.17.1-2-g5865329 (webtiles) character file.

109 Ratboiler the Sneak (level 4, -4/33 HPs)
             Began as a Vampire Venom Mage on Feb 8, 2016.
             Killed by nerve-wracking pain
             ... invoked by an orc priest
              (8 damage)
             ... on level 2 of the Dungeon.
             The game lasted 00:15:49 (3380 turns).

Ratboiler the Sneak (Vampire Venom Mage)            Turns: 3380, Time: 00:15:49

Health: -4/33      AC:  3    Str:  8    XL:     4   Next: 60%
Magic:  1/7        EV: 13    Int: 17    God:
Gold:   99         SH:  0    Dex: 14    Spells: 3 memorised, 1 level left

rFire  . . .     SeeInvis +     a - +0 short sword
rCold  . . .     Clarity  .     e - +0 robe
rNeg   + . .     SustAt   .     (no shield)
rPois  .         Gourm    .     (no helmet)
rElec  .         Spirit   .     k - +0 cloak
rCorr  .         Warding  .     (no gloves)
rMut   .         Stasis   .     (no boots)
MR     .....                    (no amulet)
Stlth  +++.......               (no ring)
                                (no ring)

@: very slightly contaminated, not resistant to hostile enchantments, fairly
stealthy
A: fangs 3, see invisible, unbreathing
a: Bat Form


You were on level 2 of the Dungeon.
You were not thirsty.

You visited 1 branch of the dungeon, and saw 3 of its levels.

You collected 99 gold pieces.

Inventory:

Hand Weapons
 a - a +0 short sword (weapon)
 b - a +1 whip
Missiles
 d - 83 stones (quivered)
 i - 14 arrows
Armour
 e - a +0 robe (worn)
 k - a +0 cloak (worn)
Jewellery
 l - an uncursed ring of fire {unknown}
Scrolls
 f - 2 scrolls of identify {unknown}
 g - 2 scrolls of enchant weapon
 j - a scroll of fog {unknown}
 n - 2 scrolls of teleportation {unknown}
 p - 2 scrolls of remove curse {unknown}
 q - a scroll of fear {unknown}
Potions
 c - 13 potions of blood
 h - a potion of invisibility {unknown}
 o - a potion of might {unknown}
Books
 m - a Young Poisoner's Handbook

   Spells                             Type                      Level
   a - Sting                          Conjuration/Poison           1
   b - Cure Poison                    Poison                       2
   c - Mephitic Cloud                 Conjuration/Poison/Air       3
   d - Olgreb's Toxic Radiance        Poison                       4
   e - Venom Bolt                     Conjuration/Poison           5


   Skills:
 + Level 1.6 Fighting
 - Level 0.1 Maces & Flails
 + Level 3.5 Dodging
 - Level 4.2 Stealth
 + Level 2.0 Spellcasting
 + Level 0.1 Conjurations
 - Level 4.0 Poison Magic


You had one spell level left.
You knew the following spells:

 Your Spells              Type           Power        Failure   Level  Hunger
a - Sting                 Conj/Pois      #...         10%         1    #......
b - Cure Poison           Pois           ###.......   6%          2    ###....
c - Mephitic Cloud        Conj/Pois/Air  #.......     38%         3    ###....


Dungeon Overview and Level Annotations

Branches:
Dungeon (3/15)

Altars:
Elyvilon
Zin
The Shining One

Annotations:
D:2 Terence


Innate Abilities, Weirdness & Mutations

You have razor-sharp teeth.
You have supernaturally acute eyesight.
You can survive without breathing.


Message History

The orc priest is moderately wounded.
The orc priest barely misses you.
You hit the orc priest.
The orc priest is heavily wounded.
The orc priest invokes the aid of Beogh against you.
Pain shoots through your body!
You hit the orc priest but do no damage.
The orc priest is heavily wounded.
The orc priest hits you with a dagger.
Drink which item? (? for menu, Esc to quit)
Yummy - fresh blood!
The orc priest hits you with a dagger.
* * * LOW HITPOINT WARNING * * *
Drink which item? (? for menu, Esc to quit)
Okay, then.
Read which item? (? for menu, Esc to quit)
Okay, then.
The orc priest looks more healthy.
The orc closely misses you.
The orc priest calls down the wrath of Beogh upon you.
Pain shoots through your body!
You die...

▒···············▒▒········▒
▒▒▒▒·▒····)···▒▒▒▒········▒
▒▒▒··▒··········▒··▒▒▒▒▒··▒
········▒········<▒▒ ▒··▒▒▒▒
····▒▒▒···▒·▒······▒ ▒·····▒▒▒
▒▒···············▒·▒ ▒·▒▒▒··)▒
···················▒▒▒▒▒·▒▒▒▒▒▒▒
▒·········▒▒▒▒···o···········▒
▒·········▒ ▒·▒@··▒▒▒▒▒··▒▒·▒▒▒
··········▒ ▒·▒▒·······▒······▒▒
··········▒ ▒·▒▒▒o·····▒·······▒
··········▒
▒▒···)······▒··)····▒
▒·········▒
▒··▒▒▒·············▒▒
▒·········▒ ▒··▒▒▒·▒·········▒▒▒
▒·▒▒▒▒▒▒▒▒▒ ▒········▒▒▒·····▒
▒·▒ ▒▒·▒··▒▒·▒▒ ▒··%··▒ ▒·▒
▒▒▒▒▒····▒▒▒·▒ ▒▒····▒


You could see an orc priest and an orc (confused).

Vanquished Creatures
  Ijyb (D:2)
  2 adders (D:2)
  2 worms (D:2)
  A giant gecko (D:1)
  An orc (D:3)
  2 ball pythons
  13 bats
  5 giant cockroaches
  5 hobgoblins
  5 giant newts
  10 goblins
  5 kobolds
  A quokka (D:2)
  6 rats
59 creatures vanquished.

Vanquished Creatures (others)
  A goblin (D:3)
1 creature vanquished.

Grand Total: 60 creatures vanquished

Notes
Turn   | Place    | Note
--------------------------------------------------------------
     0 | D:1      | Ratboiler the Vampire Venom Mage began the quest for the Orb.
     0 | D:1      | Reached XP level 1. HP: 13/13 MP: 3/3
   503 | D:1      | Reached XP level 2. HP: 17/19 MP: 0/5
   507 | D:1      | Learned a level 2 spell: Cure Poison
   938 | D:1      | Reached skill level 4 in Stealth
  1834 | D:2      | Reached XP level 3. HP: 24/24 MP: 6/6
  1855 | D:2      | Learned a level 3 spell: Mephitic Cloud
  1857 | D:2      | Found a glowing silver altar of Zin.
  1861 | D:2      | Found a white marble altar of Elyvilon.
  1863 | D:2      | Found a glowing golden altar of the Shining One.
  2366 | D:2      | Reached skill level 1 in Fighting
  2418 | D:2      | Noticed Terence
  3004 | D:2      | Reached XP level 4. HP: 32/32 MP: 3/7
  3095 | D:2      | Noticed Ijyb
  3111 | D:2      | Killed Ijyb
  3380 | D:2      | Killed from afar by an orc priest

Action                   |  1- 3 |  4- 6 || total
-------------------------+-------+-------++-------
Melee: Whip              |    89 |       ||    89
       Unarmed           |     2 |       ||     2
       Short sword       |    35 |    40 ||    75
Throw: Stone             |     8 |       ||     8
 Cast: Sting             |    51 |     1 ||    52
       Mephitic Cloud    |     8 |     2 ||    10
 Abil: End Transformatio |       |     2 ||     2
       Bat Form          |       |     2 ||     2
  Use: Scroll            |     1 |       ||     1
       Potion            |     3 |     1 ||     4
 Stab: Sleeping          |     9 |     2 ||    11
       Confused          |     1 |     1 ||     2
  Eat: Corpse            |     1 |       ||     1
